 Dungeon Crawl Stone Soup version 0.22-a0-354-g30dfbe6 (webtiles) character file.

40 Kairos the Shield-Bearer (level 3, 19/19 HPs)
             Began as a Vine Stalker Fighter on Apr 16, 2018.
             Got out of the dungeon alive.
             The game lasted 00:01:05 (1421 turns).

Kairos the Shield-Bearer (Vine Stalker Fighter)     Turns: 1421, Time: 00:01:06

Health: 19/19      AC:  6    Str: 18    XL:     3   Next: 50%
Magic:  4/4        EV:  7    Int:  9    God:
Gold:   53         SH:  9    Dex: 13    Spells: 2/2 levels left

rFire    . . .     SeeInvis .   a - +0 flail
rCold    . . .     Gourm    .   c - +0 shield
rNeg     . . .     Faith    .   b - +0 scale mail
rPois    .         Spirit   +   (no helmet)
rElec    .         Reflect  .   (no cloak)
rCorr    .         Harm     .   (no gloves)
MR       .....                  (no boots)
Stlth    ..........             e - amulet of guardian spirit
HPRegen  0.06/turn              (no ring)
MPRegen  0.09/turn              (no ring)

@: no status effects
A: fangs 2, magic shield, antimagic bite, no potion heal 3, rot immunity
a: no special abilities


You escaped.
You were hungry.

You visited 1 branch of the dungeon, and saw 1 of its levels.

You collected 53 gold pieces.

Inventory:

Hand Weapons
 a - a +0 flail (weapon)
Armour
 b - a +0 scale mail (worn)
 c - a +0 shield (worn)
Jewellery
 e - an amulet of guardian spirit (around neck)
Scrolls
 g - a scroll of immolation {unknown}
Potions
 d - a potion of might
Comestibles
 f - 2 rations


   Skills:
 + Level 2.8 Fighting
 + Level 2.1 Maces & Flails
 + Level 2.7 Armour
 + Level 0.2 Dodging
 + Level 0.2 Stealth
 + Level 3.2 Shields


You had 2 spell levels left.
You didn't know any spells.

Dungeon Overview and Level Annotations

Branches:
Dungeon (1/15)

Altars:


Innate Abilities, Weirdness & Mutations

You have extremely sharp teeth.
When hurt, damage is shared between your health and your magic reserves.
Your bite disrupts and absorbs the magic of your enemies.
Potions cannot restore your health.
You are immune to rotting.


Message History

No target in view!
Found a leather armour.
You now have 53 gold pieces (gained 7).
No target in view!
No target in view!
You see here a leather armour.
There is a stone staircase leading down here.
You see here a leopard gecko corpse.
You see here a ring mail.
Key pressed, stopping explore.
No target in view!
You are feeling hungry.
Done exploring.
Done exploring.
As you open the door, it creaks loudly!
There is an open door here.
There is an open door here.
There is an open door here.
There is a staircase leading out of the dungeon here.
Are you sure you want to leave the Dungeon?
This will make you lose the game!
You have escaped!

.......# #.............#.#
.......# #.###########.#.##
.......# #..#.......#..#..#
.......# #.#.#######.#.##.#
.#.##### #.##.......##.##.##
##.# #.#.###'###.#.##..#
...# #.#.#.....#.#.###.#
#..#######.#.#.....#.#.###.#
...##..'.'.#.+..@..+.#.'.'.#
...##..###.#.#.....#.#.#####
.......# #.#.#.....#.#.#
...#...# #.#.###+###.#.#
.###...###.##.......##(#
........##.#.#######.#.#
#####...##..#.......#..#
....#...##.###########.#
..#.#...##.............#


There were no monsters in sight!

Vanquished Creatures
  A gnoll (D:1)
  2 dart slugs (D:1)
  2 leopard geckos (D:1)
  2 bats (D:1)
  2 giant cockroaches (D:1)
  A goblin (D:1)
  4 hobgoblins (D:1)
  3 frilled lizards (D:1)
  3 kobolds (D:1)
  4 rats (D:1)
24 creatures vanquished.

Notes
Turn   | Place    | Note
-------+----------+-------------------------------------------
     0 | D:1      | Kairos the Vine Stalker Fighter began the quest for the Orb.
     0 | D:1      | Reached XP level 1. HP: 11/11 MP: 2/2
   318 | D:1      | Reached skill level 3 in Shields
   318 | D:1      | Reached XP level 2. HP: 6/16 MP: 1/3
   898 | D:1      | Reached XP level 3. HP: 19/19 MP: 4/4
  1421 | D:$      | Got out of the dungeon alive.

Vault maps used:
D:1:      matt_arrival_los_fun

Skill      XL: |  1  2 |
---------------+-------+-----
Shields        | 3 |  3.2
Maces & Flails | 2 |  2.1
Fighting       | |  2.8
Armour         | |  2.7
Dodging        | |  0.2
Stealth        | |  0.2

Action                   || total
-------------------------++-------
Melee: Flail             ||    76
       Bite              ||    18
  Eat: Chunk             ||     1
Armor: Scale mail        ||    33
Dodge: Dodged            ||    23
Block: Shield            ||    41

Table legend:
 A = Spawn XP
 B = Non-spawn XP
 C = Spawn XP percentage of total XP
 D = Spawn monster count
 E = Non-spawn monster count
 F = Spawn count percentage of total count
 G = Total turns spent on level
                    A         B        C        D         E        F      G
               +---------+---------+-------+---------+---------+-------+---------
         Total |       0 |      58 |   0.0 |       0 |      24 |   0.0 |  1421
               +---------+---------+-------+---------+---------+-------+---------
           D:1 |       0 |      58 |   0.0 |       0 |      24 |   0.0 |  1421
               +---------+---------+-------+---------+---------+-------+---------
